Map: Backwater LE

Players

Manipulation - Winner!

  • Race: Zerg Zerg
  • League: Grandmaster
  • Spawn Location: 11:00

Flick

  • Race: Protoss Protoss
  • League: Grandmaster
  • Spawn Location: 5:00

VOD

Have the link to the VOD?

Description

Time

  • Played on: Feb. 12, 2018, 6:56 p.m.
  • Length: 6:51
Show
View Real Time Build Order
Export as new Build Order

Manipulation Zerg - Winner!

Build Orders: Hatch First 

Get SALT Encoding   

  12  0:00  Drone  
  13  0:08  Drone  
  14  0:17  Overlord  
  15  0:35  Drone  
  15  0:36  Drone x2  
  17  0:52  Hatchery  
  17  0:55  Drone  
  17  1:09  Spawning Pool  
  16  1:12  Drone  
  16  1:16  Extractor  
  16  1:17  Drone  
  17  1:20  Drone  
  18  1:29  Drone  
  19  1:40  Drone  
  20  1:53  Drone  
  21  2:01  Overlord  
  21  2:03  Queen  
  21  2:04  Queen  
  21  2:06  Drone  
  26  2:20  Metabolic Boost  
  26  2:23  Drone x3  
  26  2:28  Drone  
  30  2:40  Hatchery  
  29  2:45  Zergling x6  
  29  2:50  Overlord  
  32  2:59  Zergling x2  
  32  3:00  Zergling x2  
  31  3:10  Zergling x2  
  31  3:11  Zergling x2  
  31  3:15  Drone x3  
  31  3:19  Zergling x2  
  36  3:20  Zergling x6  
  36  3:21  Evolution Chamber  
  36  3:23  Drone  
  38  3:32  Zergling x2  
  39  3:35  Zergling x2  
  39  3:39  Overlord  
  40  3:47  Overlord  
  40  3:48  Zergling x6  
  41  3:52  Overlord  
  41  3:53  Zergling x2  
  41  3:55  Zergling x2  
  45  4:08  Zergling x8  
  46  4:24  Zergling x10  
  49  4:33  Zergling x2  
  49  4:34  Zergling x4  
  49  4:36  Queen  
  49  4:47  Zergling x2  
  49  4:48  Zergling x6  
  50  4:53  Zergling x2  
  50  4:54  Zergling x2  
  50  5:01  Zergling x2  
  50  5:06  Zergling x2  
  50  5:07  Zergling x8  
  50  5:11  Zergling x4  
  50  5:12  Zergling x4  
  52  5:23  Zergling x6  
  55  5:47  Zergling x12  
  58  6:02  Zergling x2  
  58  6:03  Zergling x20  
  58  6:04  Queen x2  
  68  6:05  Overlord  
  68  6:10  Zergling x2  
  68  6:11  Zergling x2  
  73  6:14  Overlord  
  73  6:15  Overlord  
  68  6:27  Drone x4  
  68  6:31  Spore Crawler  
  69  6:34  Spore Crawler  
  69  6:35  Drone x2  
  69  6:37  Drone  
  69  6:39  Drone  
Show
View Real Time Build Order
Export as new Build Order

Flick Protoss 

Build Orders:  

Get SALT Encoding   

  12  0:01  Probe (Chrono Boost)  
  13  0:11  Probe (Chrono Boost)  
  14  0:15  Probe (Chrono Boost)  
  15  0:22  Pylon  
  15  0:40  Probe  
  15  0:42  Gateway  
  16  0:49  Gateway  
  16  0:52  Probe  
  17  0:58  Assimilator  
  17  1:05  Probe  
  18  1:17  Probe  
  19  1:29  Probe  
  20  1:34  Pylon  
  20  1:36  Cybernetics Core  
  20  1:41  Probe  
  21  1:53  Pylon, Probe  
  22  2:05  Probe  
  23  2:11  Adept (Chrono Boost)  
  23  2:12  Adept (Chrono Boost)  
  23  2:15  Warp Gate  
  27  2:17  Probe  
  28  2:29  Nexus, Probe  
  29  2:41  Probe  
  30  2:50  Assimilator  
  30  2:55  Pylon  
  30  3:07  Adept (Chrono Boost)  
  30  3:14  Probe  
  30  3:17  Adept (Chrono Boost)  
  31  3:22  Stargate  
  31  3:26  Probe  
  32  3:29  Gateway  
  32  3:34  Adept (Chrono Boost)  
  32  3:39  Adept (Chrono Boost)  
  37  3:41  Probe (Chrono Boost)  
  37  3:43  Probe (Chrono Boost)  
  38  3:53  Probe (Chrono Boost)  
  38  3:54  Probe (Chrono Boost)  
  40  3:56  Adept  
  40  4:00  Shield Battery  
  40  4:02  Probe  
  43  4:08  Pylon, Probe  
  44  4:13  Pylon  
  41  4:17  Pylon  
  41  4:22  Probe  
  42  4:25  Gateway  
  39  4:40  Oracle (Chrono Boost)  
  42  4:49  Gateway  
  40  4:55  Gateway  
  39  5:01  Pylon  
  39  5:07  Oracle (Chrono Boost), Shield Battery  
  39  5:13  Pylon  
  39  5:16  Sentry (Chrono Boost)  
  39  5:30  Probe  
  39  5:31  Probe  
  39  5:33  Assimilator  
  39  5:34  Adept  
  43  5:36  Assimilator  
  46  5:50  Gateway  
  46  5:53  Shield Battery  
  45  6:01  Adept (Chrono Boost)  
  46  6:10  Pylon  
  47  6:13  Adept (Chrono Boost)  
  45  6:24  Pylon  
  40  6:25  Pylon  
  39  6:38  Shield Battery  
  39  6:39  Shield Battery  
Tags
 
Add a new tag
Caveats
  • Supply blocks, unpowered buildings, or Contaminate may cause inaccurate times.
  • Supply counts are checked every 10 seconds.